 Dungeon Crawl Stone Soup version 0.28.0-45-g0d030f2227 (webtiles) character file.

Game seed: 2420937456070432185

3769 bobregger the Fighter (level 10, -5/110 HPs)
             Began as an Ogre Berserker on Apr 21, 2022.
             Was a Priest of Trog.
             Slain by a gnoll sergeant
             ... wielding a +0 bardiche
              (21 damage)
             ... in a bailey.
             The game lasted 00:10:35 (8493 turns).

bobregger the Fighter (Ogre Berserker)              Turns: 8493, Time: 00:10:36

Health: -5/110     AC: 11    Str: 23    XL:     10   Next: 16%
Magic:  10/10      EV: 14    Int:  8    God:    Trog [***...]
Gold:   227        SH:  0    Dex: 18    Spells: 9/9 levels left

rFire   . . .      SeeInvis .   l - +4 flail (drain)
rCold   . . .      Faith    .   (no shield)
rNeg    . . .      Spirit   .   b - +0 animal skin
rPois   .          Reflect  .   r - +1 hat
rElec   .          Harm     .   y - +2 cloak {Will+}
rCorr   .          Rampage  .   (gloves unavailable)
Will    ++++.                   (boots unavailable)
Stlth   ++........              (no amulet)
HPRegen 1.28/turn               n - +4 ring of protection
MPRegen 0.12/turn               v - +6 ring of dexterity

@: strong-willed, on berserk cooldown, regenerating, hasted and slowed
A: large, unfitting armour, tough skin 1
a: Renounce Religion, Berserk, Trog's Hand


You were in a bailey.
You worshipped Trog.
Trog was most pleased with you.
You visited 1 branch of the dungeon, and saw 7 of its levels.
You also visited: Bailey.

You collected 227 gold pieces.

Inventory:

Hand Weapons
 l - a +4 flail of draining (weapon)
 B - a +3 giant club
Armour
 b - a +0 animal skin (worn)
 r - a +1 hat (worn)
 y - a +2 cloak of willpower (worn)
Jewellery
 n - a +4 ring of protection (left hand)
 v - a +6 ring of dexterity (right hand)
 A - a ring of poison resistance
Wands
 u - a wand of flame (6)
Scrolls
 j - 6 scrolls of teleportation
 o - a scroll of holy word
Potions
 a - a potion of resistance
 c - 2 potions of brilliance
 d - a potion of flight
 f - a potion of attraction
 i - a potion of ambrosia {unknown}
 k - 3 potions of cancellation {unknown}
 p - 2 potions of curing {unknown}
 q - a potion of degeneration {unknown}
 t - a potion of lignification {unknown}
 z - a potion of heal wounds {unknown}
Miscellaneous
 x - a condenser vane (inert)


   Skills:
 + Level 10.1 Fighting
 * Level 9.8 Maces & Flails
 + Level 7.1 Dodging


You had 9 spell levels left.
You didn't know any spells.
Your spell library was empty.

Dungeon Overview and Level Annotations

Branches:
Dungeon (7/15)             Temple (0/1) D:5          Bailey (1/1)

Altars:
Ashenzari
Nemelex Xobeh
Qazlal


Innate Abilities, Weirdness & Mutations

You are too large for most types of armour.
You have tough skin. (AC +1)


Message History

You hit the gnoll sergeant. You drain the gnoll sergeant.
The gnoll sergeant is almost dead.
The gnoll sergeant hits you with a +0 halberd.
The gnoll sergeant hits you with a +0 bardiche!
* * * LOW HITPOINT WARNING * * *
The gnoll sergeant misses you.
You hit the gnoll sergeant but do no damage.
The gnoll sergeant is almost dead.
The gnoll sergeant closely misses you. x2; The gnoll sergeant misses you.
You hit the gnoll sergeant but do no damage.
The gnoll sergeant is almost dead.
The gnoll sergeant closely misses you. The gnoll sergeant barely misses you.
The gnoll sergeant closely misses you.
You bludgeon the gnoll sergeant!!
You kill the gnoll sergeant!
Trog accepts your kill.
You can now call in reinforcements.
The gnoll sergeant misses you.
The gnoll sergeant hits you from afar with a +0 glaive!
* * * LOW HITPOINT WARNING * * *
You hit the gnoll sergeant but do no damage.
The gnoll sergeant barely misses you.
You hit the gnoll sergeant.
The gnoll sergeant is lightly wounded.
The gnoll sergeant misses you. The gnoll sergeant closely misses you.
You completely miss the gnoll sergeant.
The gnoll sergeant completely misses you.
The gnoll sergeant hits you with a +0 bardiche!
* * * LOW HITPOINT WARNING * * *
Okay, then.
Your skin crawls.
You feel strong-willed.
You can no longer call in reinforcements.
The gnoll sergeant completely misses you.
The gnoll sergeant closely misses you.
Okay, then.
Your skin crawls.
You feel strong-willed. The gnoll sergeant misses you. x2
The gnoll sergeant hits you from afar with a +0 bardiche!!
You die...

♣...............♣
≈≈≈≈≈≈≈...≈≈≈≈≈≈≈
≈.......))......≈
........)........
.######')'######.
#...#.
#...#'#####
#...#.....#
##)##.@..8#
##)))##))..#
##.....##gg.#
#.......#...#
#...8...#'###
#.......#...#
##.....##...#
##...##....#
##'##))).8#


You could see 2 gnoll sergeants.

Vanquished Creatures
  Sigmund (D:6)
  Eustachio (D:6)
  A water moccasin (D:5)
  2 sky beasts (D:5)
  An ogre (D:6)
  2 ice beasts
  A black bear (D:7)
  2 necrophages
  A wolf (Bailey)
  2 centaurs (D:6)
  A kobold brigand (D:6)
  2 bullfrogs (D:7)
  4 scorpions
  5 gnoll sergeants
  A wyvern skeleton (D:5)
  A water moccasin skeleton (D:5)
  2 howler monkeys
  A centaur zombie (D:5)
  2 jellies (D:5)
  5 hounds
  Crazy Yiuf (D:4)
  A centaur skeleton (D:4)
  4 gnoll shamans (Bailey)
  5 orc priests
  3 bullfrog skeletons (D:6)
  8 iguanas
  Jessica (D:2)
  Terence (D:2)
  Natasha (thrice) (D:4)
  4 orc wizards
  A hound zombie (D:5)
  3 hound skeletons
  18 gnolls
  4 adders
  A howler monkey skeleton (D:4)
  2 white imps
  An ufetubus (D:5)
  2 adder skeletons
  A worm (D:3)
  4 dart slugs
  20 orcs
  4 ball pythons
  6 endoplasms
  A giant cockroach (D:2)
  10 goblins
  8 hobgoblins
  4 jackals (D:4)
  10 kobolds
  4 quokkas
  7 bats
  A frilled lizard (D:1)
  5 rats
186 creatures vanquished.

Vanquished Creatures (others)
  4 plants (D:3)
4 creatures vanquished.

Grand Total: 190 creatures vanquished

Notes
Turn   | Place    | Note
-------+----------+-------------------------------------------
     0 | D:1      | bobregger the Ogre Berserker began the quest for the Orb.
     0 | D:1      | Reached XP level 1. HP: 24/24 MP: 1/1
    53 | D:1      | Found a faded altar of an unknown god.
   505 | D:1      | Reached XP level 2. HP: 31/32 MP: 2/2
  1506 | D:2      | Reached XP level 3. HP: 5/40 MP: 3/3
  1509 | D:2      | HP: 2/40 [poisoned by an adder]
  1995 | D:2      | Noticed Jessica
  2002 | D:2      | Killed Jessica
  2003 | D:2      | Reached XP level 4. HP: 49/49 MP: 4/4
  2160 | D:2      | Noticed Terence
  2176 | D:2      | Killed Terence
  2334 | D:2      | Reached skill level 5 in Fighting
  2758 | D:3      | Reached XP level 5. HP: 57/57 MP: 5/5
  2777 | D:3      | Found a broken altar of Ashenzari.
  3161 | D:3      | Reached ** piety under Trog
  3447 | D:3      | Found a sparkling altar of Nemelex Xobeh.
  3449 | D:3      | Found a stormy altar of Qazlal.
  3527 | D:4      | Reached XP level 6. HP: 20/66 MP: 6/6
  4181 | D:4      | Found a runed translucent door.
  4182 | D:4      | Noticed Crazy Yiuf
  4216 | D:4      | Reached skill level 5 in Maces & Flails
  4323 | D:4      | Noticed Natasha
  4331 | D:4      | Killed Natasha
  4332 | D:4      | Reached skill level 6 in Fighting
  4434 | D:4      | Noticed Natasha
  4442 | D:4      | Killed Natasha
  4443 | D:4      | Reached XP level 7. HP: 65/75 MP: 7/7
  4595 | D:4      | Noticed Natasha
  4600 | D:4      | Killed Natasha
  4931 | D:4      | Killed Crazy Yiuf
  5047 | D:5      | Entered Level 5 of the Dungeon
  5245 | D:5      | Found a staircase to the Ecumenical Temple.
  5373 | D:5      | Reached XP level 8. HP: 71/84 MP: 8/8
  5376 | D:5      | Reached skill level 7 in Fighting
  5770 | D:5      | Reached skill level 5 in Dodging
  6354 | D:5      | Reached skill level 8 in Fighting
  6435 | D:5      | Reached XP level 9. HP: 72/96 MP: 9/9
  6439 | D:5      | Reached *** piety under Trog
  7031 | D:6      | Noticed Eustachio
  7048 | D:6      | Reached skill level 9 in Fighting
  7054 | D:6      | Killed Eustachio
  7323 | D:6      | Noticed Sigmund
  7334 | D:6      | Killed Sigmund
  7999 | D:7      | Found a flagged portal.
  8019 | Bailey   | Entered a bailey
  8028 | Bailey   | Reached XP level 10. HP: 106/110 MP: 10/10
  8117 | Bailey   | Reached skill level 10 in Fighting
  8487 | Bailey   | Reached **** piety under Trog
  8493 | Bailey   | Slain by a gnoll sergeant

Illustrated notes

Levels and vault maps discovered:
D:1:      shiori_arrival_oz, layout_basic, ebering_ecumenical_altar_ruins,
          corexii_hall_statues_l
D:2:      layout_basic, minmay_tromino_i4, uniq_jessica, uniq_terence
D:3:      layout_loops_cross, nicolae_overflow_hidden_temple,
          serial_bayou_lagoon_a
D:4:      layout_loops_cross, minmay_checkerbox, uniq_natasha,
          uniq_crazy_yiuf_cottage
D:5:      minmay_diamond_boxcup, layout_basic, minmay_temple_entry_statues
D:6:      cheibrodos_helix_gallery, layout_basic, uniq_eustachio, uniq_sigmund
D:7:      layout_loops_cross, enter_bailey_5, kennysheep_generic_room_3
Bailey:   bailey_polearm_gnolls_kennysheep, bailey

Skill      XL: |  1  2  3  4  5  6  7  8  9 10 |
---------------+-------------------------------+-----
Maces & Flails | 3 4 5 6 7 9 |  9.8
Dodging        | 3 4 5 6 7 |  7.1
Fighting       | 5 6 8 9 10 | 10.1

Action                   |  1- 3 |  4- 6 |  7- 9 | 10-12 || total
-------------------------+-------+-------+-------+-------++-------
Melee: Mace              |    60 |    18 |       |       ||    78
       Flail             |       |   107 |   290 |    49 ||   446
       Punch             |       |     1 |       |     2 ||     3
Invok: Berserk           |     3 |     4 |     8 |     2 ||    17
       Trog's Hand       |       |     1 |       |     2 ||     3
Evoke: Condenser vane    |       |       |     1 |       ||     1
  Use: Scroll            |       |       |    11 |     2 ||    13
       Potion            |       |       |       |     2 ||     2
 Stab: Sleeping          |       |       |     3 |       ||     3
       Distracted        |       |       |     1 |       ||     1
Armor: Animal skin       |    27 |    61 |   125 |    14 ||   227
Dodge: Dodged            |    45 |    80 |   148 |    56 ||   329
